 Dungeon Crawl Stone Soup version 0.26-a0-712-ga5a9c9c9d0 (webtiles) character file.

Game seed: 10374132758631021263

135968 Lanoc the Corrupter of Planes (level 17, -5/119 HPs)
             Began as a Halfling Abyssal Knight on Nov 2, 2020.
             Was the Champion of Lugonu.
             Slain by a spark wasp (14 damage)
             ... on level 4 of the Spider Nest.
             The game lasted 01:46:41 (47608 turns).

Lanoc the Corrupter of Planes (HaAK)               Turns: 47608, Time: 01:46:41

Health: -5/119     AC:  5    Str:  7 (13) XL:     17   Next: 79%
Magic:  0/30       EV: 29    Int: 10      God:    Lugonu [******]
Gold:   2934       SH: 18    Dex: 18 (25) Spells: 16/16 levels left

rFire    . . .     SeeInvis .   a - +3 hunting sling (venom)
rCold    . . .     Faith    .   z - +3 buckler
rNeg     . . .     Spirit   +   R - +1 robe of Lust {Dex+4} (curse)
rPois    +         Reflect  .   g - +2 hat {MR+}
rElec    .         Harm     .   y - +0 cloak
rCorr    .         Rampage  .   (no gloves)
MR       ++...                  D - +0 pair of boots (curse)
Stlth    ++........             F - brooch of Shielding {Spirit SH+8}
HPRegen  0.29/turn              A - ring of poison resistance
MPRegen  0.22/turn              H - +4 ring of protection

@: corroded
A: small, mutation resistance 1
a: Depart the Abyss, Bend Space, Banish, Corrupt, Enter the Abyss, Brand Weapon
With Distortion, Renounce Religion


You were on level 4 of the Spider Nest.
You worshipped Lugonu.
Lugonu was exalted by your worship.
You visited 4 branches of the dungeon, and saw 26 of its levels.
You visited the Abyss 1 time.
You also visited: Ossuary and Bailey.

You collected 2934 gold pieces.

Inventory:

Hand Weapons
 a - a +3 hunting sling of venom (weapon)
 b - the +3 hunting sling of Joyful Slaughter {flame, rF+ rN+ Str-4}
   (You found it on level 1 of the Lair of Beasts)

   It causes projectiles fired from it to burn those they strike, causing extra
   injury to most foes and up to half again as much damage against particularly
   susceptible opponents.
   It affects your strength (-4).
   It protects you from fire.
   It protects you from negative energy.
 h - a +5 fustibalus
 n - a +1 dagger of venom
Missiles
 q - 15 stones (quivered)
 Q - 13 sling bullets
Armour
 g - a +2 hat of magic resistance (worn)
 m - a scarf of invisibility
 y - a +0 cloak (worn)
 z - a +3 buckler (worn)
 D - a cursed +0 pair of boots (worn)
 R - the cursed +1 robe of Lust (worn) {Dex+4}
   (You found it on level 3 of the Lair of Beasts)

   It affects your dexterity (+4).
   It has a curse placed upon it.
Jewellery
 p - an uncursed ring of protection from fire
 A - a ring of poison resistance (left hand)
 F - the brooch of Shielding (around neck) {Spirit SH+8}
   (You found it on level 7 of the Dungeon)

   [amulet of guardian spirit]

   It causes incoming damage to be split between your health and magic.
   It affects your SH (+8).
 H - a +4 ring of protection (right hand)
 O - an uncursed ring of flight
 W - a +6 ring of strength
Wands
 f - a wand of random effects (28)
 j - a wand of acid (10)
 r - a wand of polymorph (18)
 s - a wand of iceblast (5)
 G - a wand of paralysis (4)
 J - a wand of flame (89)
 S - a wand of enslavement (6)
Scrolls
 c - 12 scrolls of identify
 d - 5 scrolls of magic mapping
 o - 2 scrolls of enchant armour
 v - 13 scrolls of remove curse
 B - 4 scrolls of immolation
 E - 3 scrolls of fog
 I - 2 scrolls of holy word
 M - a scroll of summoning
 N - a scroll of silence
 T - 2 scrolls of amnesia
Potions
 e - 3 potions of flight
 i - 9 potions of stabbing
 l - 6 potions of brilliance
 t - a potion of curing
 u - 5 potions of might
 w - 5 potions of lignification
 C - a potion of mutation
 U - a potion of resistance
 X - a potion of invisibility
Miscellaneous
 K - a lightning rod (4/4)
 L - a box of beasts (inert)
 P - a condenser vane (2/2)


   Skills:
 + Level 12.1 Fighting
 - Level 2.4 Short Blades
 - Level 12.0 Slings
 + Level 13.9 Armour
 + Level 16.1 Dodging
 - Level 5.6 Shields
 * Level 18.6 Invocations


You had 16 spell levels left.
You didn't know any spells.
Your spell library contained the following spells:

 Spells                   Type           Power        Failure   Level
 Corona                   Hex            #......      36%         1
 Freeze                   Ice            #...         36%         1
 Magic Dart               Conj           #...         36%         1
 Sting                    Tmut/Pois      #...         36%         1
 Summon Small Mammal      Summ           #...         36%         1
 Call Imp                 Summ           #.......     50%         2
 Ensorcelled Hibernation  Hex/Ice        #.....       50%         2
 Poisonous Vapours        Pois/Air       #.....       50%         2
 Searing Ray              Conj           #.....       50%         2
 Slow                     Hex            #.......     50%         2
 Call Canine Familiar     Summ           #.......     75%         3
 Confusing Touch          Hex            #.......     75%         3
 Dazzling Flash           Conj/Hex       #.....       75%         3
 Frozen Ramparts          Ice            #.....       75%         3
 Ignite Poison            Fire/Tmut/Pois #.......     75%         3
 Inner Flame              Hex/Fire       #.......     75%         3
 Mephitic Cloud           Conj/Pois/Air  #.......     75%         3
 Ozocubu's Armour         Ice            #.......     75%         3
 Portal Projectile        Hex/Tloc       #.....       75%         3
 Summon Guardian Golem    Hex/Summ       #.......     75%         3
 Tukima's Dance           Hex            #.......     75%         3
 Cause Fear               Hex            #.........   98%         4
 Fulminant Prism          Conj/Hex       #.........   98%         4
 Hailstorm                Conj/Ice       #.......     98%         4
 Iskenderun's Mystic Bla  Conj/Tloc      #.......     98%         4
 Leda's Liquefaction      Hex/Erth       #.........   98%         4
 Olgreb's Toxic Radiance  Pois           #.......     98%         4
 Summon Ice Beast         Ice/Summ       #.......     98%         4
 Summon Lightning Spire   Summ/Air       #.......     98%         4
 Fireball                 Conj/Fire      #.........   100%        5
 Irradiate                Conj/Tmut      #.........   100%        5
 Hydra Form               Tmut           #.........   100%        6
 Starburst                Conj/Fire      #.........   100%        6
 Statue Form              Tmut/Erth      #........    100%        6
 Dragon Form              Tmut           #.........   100%        7
 Ignition                 Fire           #.........   100%        8


Dungeon Overview and Level Annotations

Branches:
Dungeon (15/15)            Temple (0/1) D:4            Lair (5/6) D:11
 Shoals (0/4) Lair:4       Spider (4/4) Lair:2          Orc (2/2) D:9
    Elf (0/3) Orc:2        Vaults (0/5) D:13         Depths (0/5) D:15
Ossuary (visited)          Bailey (visited)
  Slime: Lair:5-6

Altars:
Ashenzari
Cheibriados
Dithmenos
Elyvilon
Gozag
Makhleb
Nemelex Xobeh
Sif Muna
Trog
Vehumet
Wu Jian
Xom
The Shining One
Beogh

Shops:
D:13 }   Orc:2 [(*:

Annotations:
D:4 exclusion: oklob sapling
D:12 , corrupted
D:13 corrupted
D:15 corrupted
Lair:2 exclusion: 4 oklob plants
Spider:2 Roxanne
Spider:3 corrupted
Spider:4 corrupted
Abyss:1 Arachne, Rupert, Urug


Innate Abilities, Weirdness & Mutations

You are small and have problems with some larger weapons.
You are somewhat resistant to further mutation.


Message History

The starcursed mass is destroyed!
You feel you are being watched by something.
You feel your power leaking away.
The ynoxinul gestures.
The entropy weaver casts a spell at you.
The entropic weave corrodes you! You block the hornet's attack.
The tentacled starspawn closely misses something.
The tentacled starspawn engulfs something!
Something writhes in pain as voices assail its mind.
The small abomination closely misses the hornet.
Something closely misses you. Something hits you but does no damage.
Something stings you.
* * * LOW HITPOINT WARNING * * *
The ufetubus barely misses the redback.
The ufetubus closely misses the redback.
The starspawn tentacle constricts the spark wasp.
The spark wasp stings you!!
* * * LOW HITPOINT WARNING * * *
The spark wasp shocks you!
You die...

##^....#......#.....#.55...#^..^
###..........#.....G..#..#.^...
.$^..........─.G(.x...........
............#/#│v.55......#....
......^......#^│xx3X55...^#^...
............†X#vX55..........
........##.x#XXX53R##.###....
......##.?#y.w.Xx####φ.##...
...^# .. #@y4{X5.5.# ?.##.. .
##sy#X3W5.## ..##.
#...#.s.5....# . ##
#..s#Bys.45...# #
#...#.#s.5###...# .....s.#...Z#
.s. ............ss^ s.
..........^.^s^. .
^#...^#.....^.#s.


You could see an emperor scorpion, an entropy weaver, 2 spark wasps, an orb
spider, 2 hornets, 5 redbacks, 5 neutral starcursed masses, 2 neutral tentacled
starspawn, a neutral rakshasa (summoned), a neutral glowing orange brain
(summoned), a neutral spatial vortex (wandering), 2 neutral orange demons, 2
neutral large abominations, a neutral freezing wraith (summoned), a neutral
worldbinder (summoned), a neutral eye of draining (summoned), a neutral neqoxec
(summoned), 2 neutral ynoxinuls, 4 neutral small abominations, a neutral
starspawn tentacle, a neutral insubstantial wisp (summoned), a neutral iron imp
(summoned), 2 neutral white imps, 10 neutral ufetubi and a neutral iron dragon
skeleton (summoned, confused).

Vanquished Creatures
  Jorgrun (Orc:2)
  Asterion (Spider:2)
  Gastronok (Lair:1)
  A stone giant (Orc:2)
  5 entropy weavers
  3 ettins
  A hydra (Lair:3)
  The ghost of Asymodius the Basher, a novice OgFi of Okawaru (D:9)
  A centaur warrior (D:14)
  A death knight (D:14)
  7 two-headed ogres
  An ogre mage (D:13)
  2 orc high priests
  Sonja (Orc:1)
  Nergalle (Lair:4)
  2 wizards
  A lindwurm (Lair:2)
  3 orc sorcerers
  An orc knight (Bailey)
  16 orb spiders
  A harpy (D:13)
  2 deep elf magi
  5 ugly things
  13 cyclopes
  19 wolf spiders
  A moth of wrath (Spider:4)
  17 elephants
  7 black mambas
  13 cane toads
  3 gargoyles
  The ghost of slayr the Cutter, a novice VSBr of Hepliaklqana (D:7)
  3 torpor snails
  4 komodo dragons
  Psyche (D:9)
  2 kobold demonologists
  4 rime drakes (Lair:5)
  5 demonic crawlers
  A queen bee (Lair:5)
  22 jumping spiders
  7 trolls
  4 meliai
  A harpy zombie (D:14)
  2 polar bears (Lair:5)
  2 hornets (Spider:3)
  5 slime creatures (D:14)
  9 blink frogs
  65 redbacks
  2 wraiths (D:11)
  19 tarantellas
  6 basilisks
  5 wyverns
  45 yaks
  A fire bat (shapeshifter) (D:14)
  4 wargs
  20 water moccasins
  3 ice beasts
  A meliai simulacrum (D:10)
  27 orc warriors
  3 phantoms
  3 black bears
  A necrophage (D:7)
  5 sky beasts
  An eye of draining (D:9)
  11 ogres
  13 wolves
  3 centaurs
  2 elf zombies (Ossuary)
  3 big kobolds
  Blork the orc (D:4)
  20 bullfrogs
  2 gnoll sergeants
  A water moccasin zombie (D:9)
  3 scorpions
  39 killer bees
  24 wights
  2 howler monkeys
  9 electric eels
  A crimson imp (D:8)
  2 bullfrog zombies (D:12)
  4 centaur zombies
  2 quasits
  4 jellies
  8 hounds
  4 centaur skeletons
  16 orc priests
  A human zombie (Ossuary)
  Ijyb (D:3)
  Natasha (thrice) (D:4)
  4 iguanas
  18 orc wizards
  9 hell rats
  13 worker ants
  A big kobold zombie (Ossuary)
  3 hound zombies (Ossuary)
  3 mummies (Ossuary)
  10 gnolls
  5 river rats (Lair:3)
  10 adders
  6 shadow imps
  2 white imps
  2 ufetubi (D:5)
  An ooze (D:4)
  6 adder zombies
  An adder skeleton (D:7)
  A dart slug (D:1)
  6 leopard geckos
  79 orcs
  4 giant cockroaches
  2 gnoll zombies (Ossuary)
  12 goblins
  13 hobgoblins
  5 jackals (D:3)
  5 quokkas
  A ball python (D:1)
  12 bats
  3 frilled lizards
  3 goblin zombies (Ossuary)
  3 hobgoblin zombies (Ossuary)
  A jackal skeleton (D:6)
  5 jackal zombies
  23 kobolds
  3 kobold zombies (Ossuary)
  5 quokka zombies (Ossuary)
  14 rats
889 creatures vanquished.

Vanquished Creatures (others)
  A ghost moth (Spider:3)
  The ghost of p0werm0de the Pandemonic, a journeyman DDFi of Makhleb (D:12)
  A fire dragon (D:12)
  A yaktaur captain (D:12)
  The ghost of Asymodius the Nimble, a novice TrDe of Okawaru (D:12)
  An ogre mage (D:13)
  A tengu warrior (D:15)
  A centaur warrior (D:13)
  A two-headed ogre (D:13)
  A catoblepas (D:12)
  A death knight (D:12)
  A skeletal warrior (D:15)
  A flayed ghost (D:15)
  4 unseen horrors
  The ghost of PanSaczeczos the Sneak, a novice VSIE of Uskayaw (D:12)
  A wizard (D:12)
  A necromancer (D:15)
  2 deep elf magi
  3 orc knights
  3 orb spiders
  A wolf spider zombie (D:15)
  A wolf spider (Spider:3)
  3 ugly things
  3 manticores
  2 centaur zombies (D:13)
  A fire giant skeleton (D:15)
  2 gargoyles (D:13)
  A yaktaur (D:13)
  A demonic crawler (Spider:3)
  A guardian mummy (D:15)
  A yaktaur skeleton (D:15)
  A jumping spider (Spider:4)
  A troll (D:15)
  A harpy skeleton (D:15)
  A tengu conjurer (D:15)
  A wind drake (shapeshifter) (D:15)
  A hornet (Spider:4)
  3 slime creatures (D:13)
  2 spriggan zombies (D:15)
  2 redbacks (Spider:4)
  A shadow (D:15)
  4 tarantellas (Spider:4)
  A basilisk (D:13)
  16 humans (D:13)
  A warg (D:15)
  6 orc warriors
  A black bear (D:13)
  An ogre (D:15)
  A bullfrog (D:13)
  A big kobold (D:13)
  A scorpion (D:13)
  A bullfrog zombie (D:13)
  An orc priest (D:12)
  A worker ant (D:13)
  An adder (D:12)
  9 orcs
  A hobgoblin (Bailey)
  37 fungi
  44 plants
  23 starspawn tentacles
  16 withered plants
226 creatures vanquished.

Grand Total: 1115 creatures vanquished

Notes
Turn   | Place    | Note
-------+----------+-------------------------------------------
     0 | Abyss:1  | Lanoc the Halfling Abyssal Knight began the quest for the
                  | Orb.
     0 | Abyss:1  | Reached XP level 1. HP: 15/15 MP: 2/2
    59 | Abyss:1  | Noticed a large abomination
    68 | D:1      | Escaped the Abyss
   250 | D:1      | Reached XP level 2. HP: 17/20 MP: 3/3
   376 | D:1      | Reached * piety under Lugonu
   681 | D:1      | Reached XP level 3. HP: 17/25 MP: 4/4
  1020 | D:2      | Found a snail-covered altar of Cheibriados.
  1230 | D:2      | Reached skill level 3 in Invocations
  1230 | D:2      | Reached XP level 4. HP: 9/31 MP: 6/6
  1814 | D:3      | Noticed Ijyb
  1826 | D:3      | Killed Ijyb
  1826 | D:3      | Reached skill level 1 in Slings
  1826 | D:3      | Reached XP level 5. HP: 33/36 MP: 7/7
  1904 | D:3      | Found an opulent altar of Gozag.
  1972 | D:3      | Reached ** piety under Lugonu
  2141 | D:3      | Found a white marble altar of Elyvilon.
  2384 | D:3      | Found an opulent altar of Gozag.
  2849 | D:4      | Noticed an ogre
  2857 | D:4      | Killed an ogre
  2857 | D:4      | Reached skill level 4 in Invocations
  2857 | D:4      | Reached XP level 6. HP: 38/42 MP: 9/9
  2906 | D:4      | Noticed Blork the orc
  2931 | D:4      | HP: 2/63 [Blork the orc/magic dart (8)]
  2933 | D:4      | Killed Blork the orc
  3264 | D:4      | Found a staircase to the Ecumenical Temple.
  3508 | D:4      | Noticed Natasha
  3513 | D:4      | Killed Natasha
  3685 | D:4      | Noticed Natasha
  3691 | D:4      | Killed Natasha
  3930 | D:4      | YY
  4103 | D:4      | Noticed Natasha
  4204 | D:4      | Killed Natasha
  4204 | D:4      | Reached XP level 7. HP: 29/47 MP: 10/10
  4243 | D:5      | Entered Level 5 of the Dungeon
  4269 | D:5      | Found a sand-covered staircase.
  4507 | D:5      | Reached skill level 5 in Invocations
  4547 | D:5      | Reached skill level 5 in Slings
  4819 | Ossuary  | Entered an ossuary
  4913 | Ossuary  | Reached XP level 8. HP: 41/54 MP: 11/11
  5031 | Ossuary  | Reached *** piety under Lugonu
  6108 | D:5      | Found an ornate altar of the Wu Jian Council.
  6165 | D:5      | Found a shimmering blue altar of Sif Muna.
  6246 | D:5      | Found a sparkling altar of Nemelex Xobeh.
  6746 | D:6      | Reached skill level 6 in Invocations
  7224 | D:5      | Reached XP level 9. HP: 37/59 MP: 13/13
  7370 | D:6      | Noticed a two-headed ogre
  7405 | D:5      | Killed a two-headed ogre
  7405 | D:5      | Reached skill level 5 in Fighting
  7405 | D:5      | Reached skill level 5 in Armour
  7405 | D:5      | Reached skill level 5 in Dodging
  7405 | D:5      | Reached skill level 7 in Invocations
  7763 | D:6      | Reached **** piety under Lugonu
  8004 | D:6      | Noticed a cyclops
  8044 | D:6      | Killed a cyclops
  8044 | D:6      | Reached skill level 1 in Shields
  8193 | D:6      | Reached XP level 10. HP: 66/66 MP: 15/15
  8773 | D:7      | Reached skill level 8 in Invocations
  9251 | D:7      | Found the brooch of Shielding {Spirit SH+8}
  9406 | D:7      | Found a shimmering altar of Xom.
  9479 | D:7      | Found a runed translucent door.
  9479 | D:7      | Noticed slayr's ghost (novice VSBr)
  9572 | D:7      | Reached skill level 10 in Slings
  9795 | D:7      | Killed slayr's ghost
 10438 | D:8      | Noticed a two-headed ogre
 10493 | D:8      | Killed a two-headed ogre
 10493 | D:8      | Reached skill level 9 in Invocations
 10621 | D:8      | Found a glowing golden altar of the Shining One.
 11153 | D:8      | Reached XP level 11. HP: 65/72 MP: 17/17
 11369 | D:8      | Found a burning altar of Makhleb.
 11479 | D:8      | Noticed a cyclops
 11495 | D:8      | Killed a cyclops
 11708 | D:9      | Found a staircase to the Orcish Mines.
 11715 | D:9      | Found a glowing golden altar of the Shining One.
 11814 | D:9      | Reached ***** piety under Lugonu
 12035 | D:9      | Noticed Psyche
 12041 | D:9      | Killed Psyche
 12234 | D:9      | Found a radiant altar of Vehumet.
 12836 | D:9      | Found a runed translucent door.
 12836 | D:9      | Noticed Asymodius's ghost (novice OgFi)
 13356 | D:9      | Killed Asymodius's ghost
 13356 | D:9      | Reached skill level 10 in Invocations
 13527 | D:10     | Entered Level 10 of the Dungeon
 14127 | D:10     | Found a shadowy altar of Dithmenos.
 14661 | D:10     | Identified the cursed +1 war axe "Demonbane" {vorpal,
                  | Stlth+}
 14666 | D:10     | Reached skill level 5 in Shields
 15484 | D:10     | Reached XP level 12. HP: 58/80 MP: 20/20
 15994 | D:11     | Found a staircase to the Lair.
 16022 | D:11     | Reached skill level 11 in Invocations
 16816 | D:11     | Noticed a two-headed ogre
 16839 | D:11     | Killed a two-headed ogre
 16901 | D:11     | Got a smoking robe
 16911 | D:11     | Identified the +0 robe of Fedhas's Pride {Dex+4} (You found
                  | it on level 11 of the Dungeon)
 17131 | D:11     | Found a broken altar of Ashenzari.
 17419 | D:12     | Found a runed translucent gate.
 17419 | D:12     | Found a runed translucent gate.
 17419 | D:12     | Found a runed translucent gate.
 17469 | D:12     | Noticed PanSaczeczos's ghost (novice VSIE)
 17470 | D:12     | Noticed Asymodius's ghost (novice TrDe)
 17470 | D:12     | Noticed p0werm0de's ghost (journeyman DDFi)
 17952 | D:12     | Noticed a yaktaur captain
 17956 | D:12     | Noticed Urug
 18178 | D:12     | Noticed a wizard
 18179 | D:12     | Noticed a catoblepas
 18180 | D:12     | Noticed a death knight
 18182 | D:12     | Noticed a fire dragon
 18463 | D:12     | Corrupted D:12
 18463 | D:12     | Noticed a glowing orange brain
 18463 | D:12     | Noticed a tentacled starspawn
 18463 | D:12     | Noticed a large abomination
 18463 | D:12     | Noticed a starcursed mass
 18463 | D:12     | Noticed a starcursed mass
 18463 | D:12     | Noticed a starcursed mass
 18464 | D:12     | Noticed a rakshasa
 18467 | D:12     | Killed a wizard
 18472 | D:12     | Killed an unseen horror
 18473 | D:12     | Killed PanSaczeczos's ghost
 18481 | D:12     | Killed a catoblepas
 18489 | D:12     | Noticed a purple very ugly thing
 18507 | D:12     | Killed a death knight
 18507 | D:12     | Killed a fire dragon
 18515 | D:12     | Killed a yaktaur captain
 18520 | D:12     | Killed Asymodius's ghost
 18525 | D:12     | Killed p0werm0de's ghost
 18715 | D:12     | Banished Urug
 19013 | D:12     | Noticed Rupert
 19026 | D:12     | Banished Rupert
 19026 | D:12     | Reached skill level 12 in Invocations
 19363 | D:12     | Reached XP level 13. HP: 37/88 MP: 17/22
 20613 | D:13     | Found a gate to the Vaults.
 20613 | D:13     | Noticed a centaur warrior
 20655 | D:13     | Corrupted D:13
 20655 | D:13     | Noticed a bone dragon
 20664 | D:13     | Killed a centaur warrior
 20668 | D:13     | Noticed a tentacled monstrosity
 20688 | D:13     | Noticed a tentacled starspawn
 21152 | D:13     | Reached skill level 10 in Armour
 21152 | D:13     | Reached skill level 10 in Dodging
 21152 | D:13     | Reached skill level 13 in Invocations
 21152 | D:13     | Reached XP level 14. HP: 95/95 MP: 24/24
 21807 | D:13     | Found Ryasumn's Gadget Boutique.
 22097 | D:14     | Reached skill level 14 in Invocations
 22439 | D:14     | Found a flagged portal.
 22505 | Bailey   | Entered a bailey
 22629 | Bailey   | Found an iron altar of Okawaru.
 23535 | D:14     | Acquired a manual of Dodging
 23638 | D:14     | Found a bloodstained altar of Trog.
 24510 | D:15     | Entered Level 15 of the Dungeon
 24822 | D:15     | Corrupted D:15
 24822 | D:15     | Noticed a lich
 24822 | D:15     | Noticed a reaper
 24824 | D:15     | Noticed a tentacled starspawn
 24861 | D:15     | Found a shadowy altar of Dithmenos.
 24898 | D:15     | Found a staircase to the Depths.
 25763 | Orc:1    | Entered Level 1 of the Orcish Mines
 25763 | Orc:1    | Noticed Sonja
 26111 | Orc:1    | Killed Sonja
 26406 | Orc:1    | Reached XP level 15. HP: 94/103 MP: 26/26
 27311 | Orc:2    | Entered Level 2 of the Orcish Mines
 27311 | Orc:2    | Found Gil Dat's General Store.
 27345 | Orc:1    | Reached skill level 15 in Invocations
 27751 | Orc:2    | Found a roughly hewn altar of Beogh.
 27913 | Orc:2    | Found Yshang's Book Shoppe.
 28109 | Orc:2    | Found Zizem's Antique Armour Shop.
 28170 | Orc:2    | Noticed a stone giant
 28197 | Orc:2    | Killed a stone giant
 28297 | Orc:2    | Reached skill level 10 in Fighting
 28929 | Orc:2    | Found Ymofac's Antique Weapon Boutique.
 28968 | Orc:2    | Found a staircase to the Elven Halls.
 29384 | Orc:1    | Noticed Jorgrun
 29415 | Orc:2    | Killed Jorgrun
 29883 | Lair:1   | Entered Level 1 of the Lair of Beasts
 29883 | Lair:1   | Noticed Gastronok
 29944 | Lair:1   | Killed Gastronok
 31023 | Lair:1   | Reached skill level 16 in Invocations
 31266 | Lair:1   | Got a glimmering hunting sling
 31266 | Lair:1   | Identified the +3 hunting sling of Joyful Slaughter {flame,
                  | rF+ rN+ Str-4} (You found it on level 1 of the Lair of
                  | Beasts)
 32392 | Lair:2   | Reached ****** piety under Lugonu
 32500 | Lair:2   | Found a hole to the Spider Nest.
 32986 | Lair:2   | Reached XP level 16. HP: 111/111 MP: 28/28
 33488 | Lair:3   | Got a faintly glowing robe
 33498 | Lair:3   | Identified the cursed +1 robe of Lust {Dex+4} (You found it
                  | on level 3 of the Lair of Beasts)
 34436 | Lair:4   | Found a staircase to the Shoals.
 35213 | Lair:4   | Noticed Nergalle
 35235 | Lair:4   | Killed Nergalle
 36992 | Lair:5   | Reached skill level 17 in Invocations
 38573 | Spider:1 | Entered Level 1 of the Spider Nest
 39621 | Spider:1 | Reached skill level 15 in Dodging
 40160 | Spider:1 | Reached XP level 17. HP: 114/117 MP: 27/29
 40586 | Spider:2 | Noticed Roxanne
 40965 | Spider:2 | Noticed Asterion
 40986 | Spider:2 | Killed Asterion
 41856 | Spider:3 | Reached skill level 18 in Invocations
 42698 | Spider:4 | Entered Level 4 of the Spider Nest
 45883 | Spider:4 | Noticed Arachne
 45941 | Spider:3 | Corrupted Spider:3
 45941 | Spider:3 | Noticed a tentacled starspawn
 45941 | Spider:3 | Noticed a profane servitor
 45941 | Spider:3 | Noticed a tentacled starspawn
 45943 | Spider:3 | Noticed a bone dragon
 45955 | Spider:3 | Noticed a tentacled starspawn
 46772 | Spider:3 | Banished Arachne
 47594 | Spider:4 | Corrupted Spider:4
 47594 | Spider:4 | Noticed a tentacled starspawn
 47594 | Spider:4 | Noticed a tentacled starspawn
 47596 | Spider:4 | Noticed a tentacled starspawn
 47608 | Spider:4 | Slain by a spark wasp

Illustrated notes

.......'......#
.......##.....#
.......##.....#
.......##.....#########
.......##.............#
....?..##.....#######.#
.[.###..PP.P.<.....##.#
##.#
#.PPPP.........#.### #.#
P.PPPP((.(@..†....#
#.##+PPP>.P..........#.#
#.....P..PP..#########.#
#.....PPPP..# #.#
##....P.P..P.###### #.#
.................># #.#
...######.##.####.# #.#
##.# #.##.# #.# #.# ##.#
#.##.####.# #.#


Turn 3930 on D:4: YY

Levels and vault maps discovered:
D:1:      beargit_arrival_greenhouse, layout_basic, due_unseen_surprise
D:2:      minmay_wonky_spiral, layout_basic, overflow_temple_1_default,
          minitemple, minmay_tromino_v4_a
D:3:      layout_loops_corners, lemuel_doored_altar,
          nicolae_overflow_crystal_walls, grunt_gozag_statues, uniq_ijyb
D:4:      layout_basic, minmay_temple_entry_oklob, uniq_natasha,
          uniq_blork_the_orc
D:5:      layout_basic, lemuel_coloured_pillars_altar,
          overflow_temple_1_default, basic_altar,
          nicolae_ossuary_entry_false_entrances
D:6:      hangedman_cross_stitches, layout_basic
D:7:      layout_basic, basic_altar, gammafunk_ghost_grave, roderic_lattice_a
D:8:      layout_loops_corners, makhleb_grotto_becter, tso_altar
D:9:      layout_stronghold, kennysheep_mini, orc_0_dummy,
          gammafunk_ghost_grave, kennysheep_cluttered_room,
          chequers_serial_rivers_micro_c, statue_in_the_mist_lemuel,
          vehumet_altar_wand_db, uniq_psyche
D:10:     layout_roguey, basic_altar
D:11:     layout_gridville, minmay_lair_entry_grove,
          nicolae_ashenzari_panopticon
D:12:     layout_grid_maze, special_room [special_room_orc],
          gammafunk_ghost_cemetery, solitary_fountain,
          onia_ninara_dug_in_and_dangerous, uniq_urug, uniq_rupert
D:13:     layout_rooms, david_vaults_3, serial_shops, nicolae_shop_behind_doors,
          minmay_shattered_shrine
D:14:     layout_basic, nrook_mini_backslash, basic_altar, enter_bailey_2
D:15:     gammafunk_depths_entry_grave, layout_basic, grunt_dithmenos_shadows,
          serial_shops, nicolae_shop_behind_doors
Lair:1:   beast_lair_carwin_large_3, layout_regular_city, uniq_gastronok
Lair:2:   layout_regular_city, nicolae_spider_entry_tight_spaces,
          minmay_lair_oklob_chamber
Lair:3:   layout_loops_ring, kennysheep_abandoned_house
Lair:4:   layout_loops_ring, shoals_dummy_entry, serial_rivers,
          chequers_serial_rivers_room_a, chequers_serial_rivers_marsh,
          chequers_serial_rivers_micro_a, chequers_serial_rivers_micro_a,
          chequers_serial_rivers_large_b, chequers_serial_rivers_small_b,
          fungi_pond_lemuel, uniq_nergalle
Lair:5:   regret_index_combs_of_tragedy, layout_regular_city
Spider:1: layout_spider_delve
Spider:2: layout_spider_delve, uniq_roxanne, uniq_asterion
Spider:3: layout_spider_delve
Spider:4: johnstein_spider_rune_arachne_lair
Orc:1:    layout_diamond_mine, uniq_jorgrun, uniq_sonja
Orc:2:    grunt_orc_gardens, layout_caves, grunt_orc_garden, grunt_orc_garden,
          grunt_orc_garden, grunt_orc_garden, basic_altar

Skill      XL: |  1  2  3  4  5  6  7  8  9 10 11 12 13 14 15 16 17 |
---------------+----------------------------------------------------+-----
Fighting       | 3 4 5 6 7 8 9 10 11 12 | 12.1
Dodging        | 2 3 4 5 6 7 9 10 11 13 15 16 | 16.1
Invocations    | 3 4 5 6 7 9 10 12 13 14 16 17 18 | 18.6
Slings         | 1 2 4 5 7 9 11 12 | 12.0
Armour         | 3 4 5 6 7 9 10 11 12 13 | 13.9
Shields        | 1 3 5 |  5.6
Short Blades   | |  2.4

Action                   |  1- 3 |  4- 6 |  7- 9 | 10-12 | 13-15 | 16-18 || total
-------------------------+-------+-------+-------+-------+-------+-------++-------
Melee: Short sword       |    97 |     1 |       |    14 |       |       ||   112
       Dagger            |       |       |       |   335 |   703 |   737 ||  1775
       Hunting sling     |       |       |       |     1 |       |     2 ||     3
 Fire: Hunting sling     |       |   217 |   586 |  1517 |  1421 |  1330 ||  5071
Throw: Dart              |       |       |       |       |    25 |    29 ||    54
Invok: Depart the Abyss  |     1 |       |       |       |       |       ||     1
       Bend Space        |       |     3 |    25 |    48 |    51 |    23 ||   150
       Banish            |       |       |       |     2 |       |     2 ||     4
       Corrupt           |       |       |       |     1 |     2 |     2 ||     5
Evoke: Lightning rod     |       |       |       |     4 |     4 |       ||     8
       Box of beasts     |       |       |       |     4 |     2 |     3 ||     9
       Wand              |       |       |       |     2 |     6 |     1 ||     9
       Condenser vane    |       |       |       |       |     2 |       ||     2
  Use: Potion            |       |     5 |     4 |     5 |     5 |    14 ||    33
       Scroll            |       |       |     4 |     7 |    20 |    12 ||    43
 Stab: Sleeping          |     2 |     1 |       |     1 |       |     1 ||     5
       Paralysed         |       |       |       |    11 |     2 |       ||    13
       Distracted        |       |       |       |       |     1 |       ||     1
Armor: Leather armour    |    29 |    21 |    31 |    50 |       |       ||   131
       Skin              |       |     7 |       |       |       |       ||     7
       Robe              |       |       |       |     4 |    49 |   143 ||   196
Dodge: Dodged            |    88 |    66 |   207 |   308 |   596 |  1198 ||  2463
Block: Buckler           |       |       |     9 |   552 |  1068 |  1651 ||  3280
       Reflection        |       |       |     6 |       |       |       ||     6

Table legend: (Time is in decaauts)
 A = Elapsed time spent in this place.
 B = Non-inter-level travel time spent in this place.
 C = Inter-level travel time spent in this place.
 D = Time resting spent in this place.
 E = Time spent auto-exploring this place.
 F = Levels seen in this place.
 G = Mean time per level.
                   A        B        C        D        E       F      G
               +--------+--------+--------+--------+--------+-----+--------+
         Total |  45803 |  44129 |   1674 |   4404 |  28796 |  29 | 1579.4 |
       Dungeon |  23660 |  22879 |    781 |   2060 |  15482 |  15 | 1577.3 |
          Lair |   8411 |   7989 |    422 |      0 |   6148 |   5 | 1682.2 |
   Spider Nest |   8550 |   8186 |    364 |   1929 |   3923 |   4 | 2137.5 |
  Orcish Mines |   3079 |   2973 |    106 |    414 |   1746 |   2 | 1539.5 |
         Abyss |     68 |     68 |      0 |      0 |     57 |   1 |   68.0 |
       Ossuary |   1060 |   1060 |      0 |      0 |    676 |   1 | 1060.0 |
        Bailey |    973 |    973 |      0 |      0 |    762 |   1 |  973.0 |
               +--------+--------+--------+--------+--------+-----+--------+

Top non-repeatable levels by time:
Spider:3: 4249 daAuts
    D:12: 3057 daAuts
     D:9: 2789 daAuts
  Lair:5: 2774 daAuts
Spider:1: 2187 daAuts
    D:10: 1948 daAuts
    D:11: 1842 daAuts
     D:5: 1705 daAuts
    D:14: 1691 daAuts
   Orc:1: 1656 daAuts
  Lair:1: 1594 daAuts
     D:6: 1592 daAuts
  Lair:2: 1575 daAuts
     D:8: 1458 daAuts
     D:4: 1456 daAuts
